 Dungeon Crawl Stone Soup version 0.23-b1-13-gf37ab262a9 (webtiles) character file.

Game seed: 10203239429082338013

14 Oravi the Grasshopper (level 2, 0/26 HPs)
             Began as a Naga Warper on Feb 2, 2019.
             Slain by a rat (3 damage)
             ... on level 1 of the Dungeon.
             The game lasted 00:03:29 (708 turns).

Oravi the Grasshopper (Naga Warper)                  Turns: 708, Time: 00:03:30

Health: 0/26       AC:  2    Str: 13    XL:     2   Next: 41%
Magic:  5/5        EV:  9    Int: 13    God:
Gold:   13         SH:  0    Dex: 10    Spells: 1/5 levels left

rFire    . . .     SeeInvis +   a - +0 falchion
rCold    . . .     Gourm    .   (no shield)
rNeg     . . .     Faith    .   b - +0 leather armour
rPois    +         Spirit   .   (no helmet)
rElec    .         Reflect  .   (no cloak)
rCorr    .         Harm     .   (no gloves)
MR       .....                  (no barding)
Stlth    +.........             (no amulet)
HPRegen  0.08/turn              (no ring)
MPRegen  0.09/turn              (no ring)

@: flying, very slow
A: large, see invisible, deformed body, poison resistance, slowness 2, slow
metabolism 1, spit poison 1, AC +0
a: Spit Poison


You were on level 1 of the Dungeon.
You were not hungry.

You visited 1 branch of the dungeon, and saw 1 of its levels.

You collected 13 gold pieces.

Inventory:

Hand Weapons
 a - a +0 falchion (weapon)
Missiles
 g - 15 poisoned needles
Armour
 b - a +0 leather armour (worn)
Scrolls
 d - a scroll of blinking
Comestibles
 c - 3 chunks of flesh
 f - 2 rations


   Skills:
 - Level 2.0 Fighting
 + Level 3.0 Long Blades
 - Level 0.8 Throwing
 - Level 0.7 Armour
 - Level 1.5 Dodging
 - Level 2.0 Spellcasting
 - Level 3.0 Translocations


You had one spell level left.
You knew the following spells:

 Your Spells              Type           Power        Failure   Level  Hunger
a - Blink                 Tloc           N/A          14%         2    ###....
b - Shroud of Golubria    Chrm/Tloc      #.........   26%         2    ###....

Your spell library contained the following spells:

 Spells                   Type           Power        Failure   Level  Hunger
 Gell's Gravitas          Tloc           #.........   28%         3    ####...
 Lesser Beckoning         Tloc           #.........   28%         3    ####...
 Teleport Other           Tloc           #.......     28%         3    ####...
 Passage of Golubria      Tloc           N/A          67%         4    #####..


Dungeon Overview and Level Annotations

Branches:
Dungeon (1/15)

Altars:


Innate Abilities, Weirdness & Mutations

You cannot wear boots.
Your serpentine skin is tough. (AC +0)
You have supernaturally acute eyesight. (SInv)
Armour fits poorly on your strangely shaped body.
Your system is resistant to poisons. (rPois)
You cover ground very slowly.
You have a slow metabolism.
You can spit poison.


Message History

Throwing (i - inventory)
e - 2 tomahawks of dispersal (quivered)
Aim: a hobgoblin, wielding a +0 club (almost dead)
You throw a tomahawk of dispersal.
The tomahawk of dispersal hits the hobgoblin but does no damage.
The hobgoblin is almost dead.
The rat bites you.
* * * LOW HITPOINT WARNING * * *
The hobgoblin hits you with a +0 club.
* * * LOW HITPOINT WARNING * * *
Throwing (i - inventory)
e - a tomahawk of dispersal (quivered)
Aim: a hobgoblin, wielding a +0 club (almost dead)
You throw a tomahawk of dispersal.
The tomahawk of dispersal hits the hobgoblin.
The hobgoblin blinks!
You kill the hobgoblin!
Your Long Blades skill increases to level 3!
The rat closely misses you.
You riposte.
You barely miss the rat. The rat barely misses you.
You barely miss the rat. The rat bites you.
You die...

.............÷.........
.......................
..........)............
.......##.......#########
.......##................
...................... ..
......#............
.......#..r.........
..........§@........
........###########
.##......†.r.g.
.........l.....
...............
.$.............
.##............
#............
####...######


You could see a rat.

Vanquished Creatures
  3 goblins (D:1)
  3 hobgoblins (D:1)
  3 bats (D:1)
  A frilled lizard (D:1)
  3 rats (D:1)
13 creatures vanquished.

Notes
Turn   | Place    | Note
-------+----------+-------------------------------------------
     0 | D:1      | Oravi the Naga Warper began the quest for the Orb.
     0 | D:1      | Reached XP level 1. HP: 19/19 MP: 3/3
   575 | D:1      | Reached XP level 2. HP: 26/26 MP: 5/5
   579 | D:1      | Learned a level 2 spell: Blink
   617 | D:1      | Learned a level 2 spell: Shroud of Golubria
   708 | D:1      | Slain by a rat

Skill      XL: |  1  2 |
---------------+-------+-----
Long Blades    | 3 |  3.0
Fighting       | |  2.0
Throwing       | |  0.8
Armour         | |  0.7
Dodging        | |  1.5
Spellcasting   | |  2.0
Translocations | |  3.0

Action                   || total
-------------------------++-------
Melee: Falchion          ||    46
Throw: Tomahawk          ||     5
 Abil: Spit Poison       ||     7
  Use: Potion            ||     1
Armor: Leather armour    ||    25
Dodge: Dodged            ||    23
       Rpst.: Falchion   ||     8
